[Event "Memorial Zita 2019"]
[Site "Prague"]
[Date "2019.06.27"]
[Round "7.1"]
[White "Trickov, Vasil"]
[Black "Netusil, Miloslav"]
[Result "1-0"]
[ECO "D11"]
[WhiteElo "2319"]
[BlackElo "2189"]
[Annotator "NA"]
[PlyCount "91"]
[EventDate "2019.06.23"]
[EventType "tourn"]
[EventCountry "CZE"]
[SourceTitle "playchess.com"]
[Source "ChessBase"]
[SourceQuality "1"]
[TimeControl "5400+30"]

1. d4 d5 2. Nf3 Bf5 3. c4 e6 4. Nc3 c6 5. Qb3 Qb6 6. c5 Qc7 7. Bf4 Qc8 8. Nh4 Bg6 9. Nxg6 hxg6 10. e4 dxe4 11. Nxe4 Nd7 12. Bd3 Ngf6 13. Ng5 Nd5 14. Bg3 Be7 15. Nf3 b6 16. O-O bxc5 17. Rac1 O-O 18. Bb1 cxd4 19. Nxd4 c5 20. Bxg6 Qa6 21. Bd3 Qb6 22. Nb5 a6 23. Nd6 Qc6 24. Nc4 Bg5 25. Rce1 Ra7 26. Bb1 g6 27. Qf3 Bh6 28. Bd6 Re8 29. Qg3 N7f6 30. Be5 Bg7 31. b3 Ne7 32. Qc3 Nfd5 33. Qf3 Nf5 34. Bxg7 Kxg7 35. Bxf5 gxf5 36. Qg3+ Kf8 37. Rd1 Ne7 38. Rd6 Qe4 39. f3 Qc2 40. Rd2 Qc3 41. Rfd1 Nd5 42. Qd6+ Kg8 43. Qxc5 Raa8 44. Qf2 Nf4 45. Qg3+ Ng6 46. h4 1-0

[Event "Memorial Zita 2019"]
[Site "Prague"]
[Date "2019.06.27"]
[Round "7.2"]
[White "Fedorov, Evgueny"]
[Black "Neckar, Lubomir"]
[Result "1-0"]
[ECO "B03"]
[WhiteElo "2250"]
[BlackElo "2285"]
[Annotator "NA"]
[PlyCount "145"]
[EventDate "2019.06.23"]
[EventType "tourn"]
[EventCountry "CZE"]
[SourceTitle "playchess.com"]
[Source "ChessBase"]
[SourceQuality "1"]
[TimeControl "5400+30"]

1. e4 Nf6 2. e5 Nd5 3. d4 d6 4. c4 Nb6 5. exd6 cxd6 6. Nc3 g6 7. Be3 Bg7 8. Rc1 O-O 9. b3 e5 10. dxe5 dxe5 11. Qxd8 Rxd8 12. c5 N6d7 13. Bc4 Nc6 14. Nf3 Na5 15. Be2 b6 16. Na4 bxc5 17. Nxc5 Nb6 18. O-O Nd5 19. Rfd1 Bg4 20. Bg5 Nf4 21. Rxd8+ Rxd8 22. Ba6 Rb8 23. Nd2 h6 24. Bxf4 exf4 25. Nde4 Rb6 26. Bf1 Nb7 27. Nxb7 Rxb7 28. h3 Be6 29. Bc4 Rc7 30. Rc2 Kf8 31. Nd6 Rc6 32. Rd2 Be5 33. Bxe6 Rxd6 34. Bd5 Bc3 35. Rd3 Bb4 36. Kf1 g5 37. Ke2 f5 38. Kd1 Bc5 39. f3 Ra6 40. a4 Rd6 41. Kc2 a5 42. Kc3 Bb4+ 43. Kd4 Ke7 44. Ke5 Rf6 45. Bc4 Rd6 46. Rxd6 Bxd6+ 47. Kxf5 Bc5 48. Kg6 Bf2 49. Kxh6 Bh4 50. Kg6 Kd6 51. Kf5 Kc5 52. Ke4 Kb4 53. Kd5 Bf2 54. Ke5 Kc3 55. Kf5 Bh4 56. Kg4 Kd4 57. Be6 Ke5 58. Bg8 Kd4 59. Bc4 Kc3 60. Bf7 Kd4 61. Bg8 Kc5 62. Bf7 Kd4 63. Bc4 Kc5 64. Bb5 Kd4 65. Ba6 Kc3 66. Bc4 Kd4 67. Bf1 Ke3 68. Ba6 Kd4 69. Bf1 Ke3 70. b4 axb4 71. a5 b3 72. Bc4 b2 73. Ba2 1-0

[Event "Memorial Zita 2019"]
[Site "Prague"]
[Date "2019.06.27"]
[Round "7.3"]
[White "Kiss, Pal"]
[Black "Pribylova, Sofie"]
[Result "1/2-1/2"]
[ECO "A58"]
[WhiteElo "2278"]
[BlackElo "2069"]
[Annotator "NA"]
[PlyCount "98"]
[EventDate "2019.06.23"]
[EventType "tourn"]
[EventCountry "CZE"]
[SourceTitle "playchess.com"]
[Source "ChessBase"]
[SourceQuality "1"]
[TimeControl "5400+30"]

1. d4 Nf6 2. c4 c5 3. d5 b5 4. cxb5 a6 5. bxa6 g6 6. Nc3 Bg7 7. Nf3 O-O 8. e4 Qa5 9. Bd2 Bxa6 10. Bxa6 Qxa6 11. Qe2 e6 12. dxe6 fxe6 13. Qxa6 Nxa6 14. O-O Rfb8 15. b3 Nb4 16. Bf4 Rb7 17. e5 Nfd5 18. Nxd5 exd5 19. Rfd1 d4 20. Nd2 Nd5 21. g3 Nc3 22. Re1 Rxa2 23. Rxa2 Nxa2 24. Ra1 Nc3 25. Kg2 h6 26. h4 Ne2 27. Kf3 Nxf4 28. gxf4 Kf7 29. Ke4 Bf8 30. Ra6 h5 31. f5 gxf5+ 32. Kxf5 Be7 33. Rh6 Bxh4 34. Rxh5 Bxf2 35. Ne4 Rxb3 36. Rh7+ Kf8 37. Rxd7 c4 38. Nxf2 Rf3+ 39. Ke6 Rxf2 40. Rd8+ Kg7 41. Rxd4 c3 42. Rc4 c2 43. Ke7 Re2 44. e6 Kg6 45. Rc5 Kg7 46. Kd7 Kf6 47. Rc6 Rd2+ 48. Ke8 c1=Q 49. Rxc1 Kxe6 1/2-1/2

[Event "Memorial Zita 2019"]
[Site "Prague"]
[Date "2019.06.27"]
[Round "7.4"]
[White "Novy, Filip"]
[Black "Semenova, Elena"]
[Result "0-1"]
[ECO "C36"]
[WhiteElo "2170"]
[BlackElo "2255"]
[Annotator "NA"]
[PlyCount "45"]
[EventDate "2019.06.23"]
[EventType "tourn"]
[EventCountry "CZE"]
[SourceTitle "playchess.com"]
[Source "ChessBase"]
[SourceQuality "1"]
[TimeControl "5400+30"]

1. e4 e5 2. f4 d5 3. exd5 exf4 4. Nf3 Nf6 5. Bb5+ Bd7 6. Bxd7+ Nbxd7 7. O-O Be7 8. c4 h6 9. Nc3 O-O 10. d4 g5 11. h4 Ne8 12. hxg5 hxg5 13. g3 fxg3 14. Ne4 f6 15. Nxg3 Ng7 16. Qd3 f5 17. Bd2 f4 18. Ne4 Rf5 19. Rae1 Qf8 20. Nf2 Nf6 21. Re5 Nfh5 22. Ng4 Kh8 23. Rfe1 0-1

[Event "Memorial Zita 2019"]
[Site "Prague"]
[Date "2019.06.27"]
[Round "7.5"]
[White "Vokoun, Jan"]
[Black "Frolov, Artur"]
[Result "1/2-1/2"]
[ECO "E67"]
[WhiteElo "2072"]
[BlackElo "2453"]
[Annotator "ChessBase"]
[PlyCount "151"]
[EventDate "2019.06.23"]
[EventType "tourn"]
[EventCountry "CZE"]
[SourceTitle "playchess.com"]
[Source "ChessBase"]
[SourceQuality "1"]
[TimeControl "5400+30"]

1. Nf3 Nf6 2. c4 g6 3. Nc3 Bg7 4. g3 O-O 5. Bg2 d6 6. d4 Nbd7 7. O-O e5 8. Qc2 c6 9. Rd1 Qc7 10. b3 Re8 11. Ba3 e4 12. Ne1 e3 13. fxe3 Ng4 14. Bc1 Nxe3 15. Bxe3 Rxe3 16. Rd3 Re7 17. Qd2 Nf6 18. Qf4 Bf5 19. e4 Rae8 20. exf5 Rxe1+ 21. Rxe1 Rxe1+ 22. Kf2 Qe7 23. Bf3 gxf5 24. Qxf5 Bh6 25. Kg2 Rc1 26. Ne4 Rc2+ 27. Kh1 Kg7 28. Qxf6+ Qxf6 29. Nxf6 Kxf6 30. a4 Bg5 31. Kg1 h6 32. h4 Bd2 33. Be4 Rb2 34. Kf2 Bc3+ 35. Kf3 Rxb3 36. Kg4 Ra3 37. Rf3+ Kg7 38. Kf5 Bb2 39. Rxa3 Bxa3 40. Bf3 Bb2 41. d5 c5 42. g4 Bc3 43. g5 Be1 44. gxh6+ Kxh6 45. Kf6 Bxh4+ 46. Kxf7 Kg5 47. Ke6 Bg3 48. Kd7 Kf4 49. Bg2 Ke3 50. Kc7 Kd4 51. a5 Be1 52. Kxb7 Bxa5 53. Bf1 Bb6 54. Kc6 Ke5 55. Kb5 Kd4 56. Be2 Bd8 57. Ka6 Ke3 58. Bf1 Bb6 59. Kb5 Kd2 60. Ka4 Kc3 61. Be2 a6 62. Bf1 Bd8 63. Be2 Kc2 64. Bf1 Kb2 65. Be2 Kc3 66. Bf1 Kd2 67. Bh3 Kd3 68. Bf1+ Kc3 69. Be2 Kd4 70. Bf1 Ke3 71. Bh3 Ke2 72. Bc8 a5 73. Ba6 Kd3 74. Bb5 Kc3 75. Ba6 Kb2 76. Bb5 1/2-1/2

[Event "Memorial Zita 2019"]
[Site "Prague"]
[Date "2019.06.28"]
[Round "8.1"]
[White "Netusil, Miloslav"]
[Black "Frolov, Artur"]
[Result "1-0"]
[ECO "D40"]
[WhiteElo "2189"]
[BlackElo "2453"]
[Annotator "ChessBase"]
[PlyCount "95"]
[EventDate "2019.06.23"]
[EventType "tourn"]
[EventCountry "CZE"]
[SourceTitle "playchess.com"]
[Source "ChessBase"]
[SourceQuality "1"]
[TimeControl "5400+30"]

1. e4 c5 2. c3 d5 3. exd5 Qxd5 4. d4 Nc6 5. Nf3 Nf6 6. Be2 cxd4 7. cxd4 e6 8. O-O Be7 9. Nc3 Qd8 10. Re1 O-O 11. a3 b6 12. Bc4 Bb7 13. Ba2 Rc8 14. Bg5 Nd5 15. Bxd5 Bxg5 16. Be4 Bh6 17. d5 exd5 18. Bxd5 Rc7 19. Qa4 a6 20. Rad1 Qb8 21. Qh4 Rd7 22. Be4 Rxd1 23. Rxd1 Rd8 24. Nd5 f6 25. Re1 Ne5 26. Nxe5 Rxd5 27. Bxd5+ Bxd5 28. Qd4 Qa8 29. Rd1 fxe5 30. Qxd5+ Qxd5 31. Rxd5 Bc1 32. Rd6 Bxb2 33. Rxb6 Bxa3 34. Rxa6 Bc5 35. Rc6 Bd4 36. Rc7 h5 37. Kf1 Kh7 38. Rc6 g6 39. Ke2 Kh6 40. h4 Kg7 41. Kf3 Kf7 42. Rc2 Bb6 43. Ke4 Bd8 44. g3 Bf6 45. Rc6 Bg7 46. Rc7+ Kf6 47. Rxg7 Kxg7 48. Kxe5 1-0

[Event "Memorial Zita 2019"]
[Site "Prague"]
[Date "2019.06.28"]
[Round "8.3"]
[White "Pribylova, Sofie"]
[Black "Novy, Filip"]
[Result "0-1"]
[ECO "B76"]
[WhiteElo "2069"]
[BlackElo "2170"]
[Annotator "NA"]
[PlyCount "108"]
[EventDate "2019.06.23"]
[EventType "tourn"]
[EventCountry "CZE"]
[SourceTitle "playchess.com"]
[Source "ChessBase"]
[SourceQuality "1"]
[TimeControl "5400+30"]

1. e4 c5 2. Nf3 d6 3. d4 cxd4 4. Nxd4 Nf6 5. Nc3 g6 6. Be3 Bg7 7. f3 O-O 8. Qd2 Nc6 9. O-O-O d5 10. Nxc6 bxc6 11. exd5 cxd5 12. Nxd5 Nxd5 13. Qxd5 Qc7 14. Qc5 Qb7 15. Qb5 Qxb5 16. Bxb5 Rb8 17. a4 a6 18. Bc4 Bxb2+ 19. Kd2 Rb4 20. Bb3 Be6 21. Bc5 Rb7 22. Bxe6 fxe6 23. c3 Rc8 24. Bb4 Rbc7 25. Rhe1 Bxc3+ 26. Bxc3 Rxc3 27. Rxe6 Kf7 28. Rde1 Rc2+ 29. Kd3 R8c3+ 30. Kd4 Rc7 31. Rxa6 Rxg2 32. h4 Rd2+ 33. Ke3 Rh2 34. a5 Rxh4 35. Ra1 Rc3+ 36. Kf2 Rf4 37. Ra8 Rfxf3+ 38. Kg2 h5 39. a6 Rg3+ 40. Kh2 Rh3+ 41. Kg2 Rcg3+ 42. Kf2 h4 43. Rf1 Rf3+ 44. Ke2 Rxf1 45. Kxf1 Ra3 46. Kg2 g5 47. a7 g4 48. Rh8 h3+ 49. Kh2 Rxa7 50. Kg3 Ra4 51. Rh5 Kg6 52. Re5 Kf6 53. Rh5 e5 54. Rh8 Rf4 0-1

[Event "Memorial Zita 2019"]
[Site "Prague"]
[Date "2019.06.28"]
[Round "8.4"]
[White "Neckar, Lubomir"]
[Black "Kiss, Pal"]
[Result "1/2-1/2"]
[ECO "A11"]
[WhiteElo "2285"]
[BlackElo "2278"]
[Annotator "NA"]
[PlyCount "37"]
[EventDate "2019.06.23"]
[EventType "tourn"]
[EventCountry "CZE"]
[SourceTitle "playchess.com"]
[Source "ChessBase"]
[SourceQuality "1"]
[TimeControl "5400+30"]

1. Nf3 Nf6 2. g3 d5 3. Bg2 c6 4. O-O Bg4 5. c4 e6 6. d3 Nbd7 7. cxd5 cxd5 8. Qb3 Nc5 9. Qb5+ Qd7 10. Qxd7+ Ncxd7 11. Nc3 Bc5 12. h3 Bxf3 13. Bxf3 Ne5 14. Bg2 O-O 15. Bf4 Ng6 16. Bd2 a6 17. Rac1 Rac8 18. Na4 Bd4 19. Rxc8 1/2-1/2

[Event "Memorial Zita 2019"]
[Site "Prague"]
[Date "2019.06.29"]
[Round "9.1"]
[White "Fedorov, Evgueny"]
[Black "Netusil, Miloslav"]
[Result "1-0"]
[ECO "C10"]
[WhiteElo "2250"]
[BlackElo "2189"]
[Annotator "NA"]
[PlyCount "27"]
[EventDate "2019.06.23"]
[EventType "tourn"]
[EventCountry "CZE"]
[SourceTitle "playchess.com"]
[Source "ChessBase"]
[SourceQuality "1"]
[TimeControl "5400+30"]

1. e4 e6 2. d4 d5 3. Nc3 Be7 4. Nf3 Nf6 5. Bd3 c5 6. exd5 cxd4 7. Bb5+ Bd7 8. Bxd7+ Qxd7 9. dxe6 Qxe6+ 10. Ne2 Bb4+ $16 11. Bd2 Bc5 12. O-O Nc6 13. b4 d3 14. Nf4 1-0

[Event "Memorial Zita 2019"]
[Site "Prague"]
[Date "2019.06.29"]
[Round "9.2"]
[White "Kiss, Pal"]
[Black "Trickov, Vasil"]
[Result "1/2-1/2"]
[ECO "D14"]
[WhiteElo "2278"]
[BlackElo "2319"]
[Annotator "ChessBase"]
[PlyCount "20"]
[EventDate "2019.06.23"]
[EventType "tourn"]
[EventCountry "CZE"]
[SourceTitle "playchess.com"]
[Source "ChessBase"]
[SourceQuality "1"]
[TimeControl "5400+30"]

1. d4 d5 2. c4 c6 3. Nf3 Nf6 4. cxd5 cxd5 5. Nc3 Nc6 6. Bf4 Bf5 7. e3 e6 8. Bd3 Bxd3 9. Qxd3 Bd6 10. Bxd6 Qxd6 1/2-1/2

[Event "Memorial Zita 2019"]
[Site "Prague"]
[Date "2019.06.29"]
[Round "9.3"]
[White "Novy, Filip"]
[Black "Neckar, Lubomir"]
[Result "1-0"]
[ECO "B03"]
[WhiteElo "2170"]
[BlackElo "2285"]
[Annotator "NA"]
[PlyCount "65"]
[EventDate "2019.06.23"]
[EventType "tourn"]
[EventCountry "CZE"]
[SourceTitle "playchess.com"]
[Source "ChessBase"]
[SourceQuality "1"]
[TimeControl "5400+30"]

1. e4 Nf6 2. e5 Nd5 3. d4 d6 4. c4 Nb6 5. exd6 exd6 6. Nc3 Be7 7. Bd3 O-O 8. Nge2 Nc6 9. O-O Bf6 10. a3 g6 11. Be3 Re8 12. h3 Bg7 13. Rc1 Ne7 14. d5 Bf5 15. Ng3 Qd7 16. b3 Rad8 17. Re1 Nbc8 18. Bf1 c5 19. Qd2 a6 20. b4 b6 21. Bf4 Qc7 22. Nce4 Bxe4 23. Nxe4 f6 24. g4 g5 25. Bg3 Ng6 26. Bd3 Ne5 27. Bxe5 Rxe5 28. Ng3 Rde8 29. Rxe5 Rxe5 30. Qc2 Bh8 31. Bf5 Re7 32. Be6+ Kf8 33. Qf5 1-0

[Event "Memorial Zita 2019"]
[Site "Prague"]
[Date "2019.06.29"]
[Round "9.4"]
[White "Vokoun, Jan"]
[Black "Pribylova, Sofie"]
[Result "1/2-1/2"]
[ECO "A16"]
[WhiteElo "2072"]
[BlackElo "2069"]
[Annotator "NA"]
[PlyCount "23"]
[EventDate "2019.06.23"]
[EventType "tourn"]
[EventCountry "CZE"]
[SourceTitle "playchess.com"]
[Source "ChessBase"]
[SourceQuality "1"]
[TimeControl "5400+30"]

1. Nf3 Nf6 2. c4 g6 3. Nc3 d5 4. cxd5 Nxd5 5. Qa4+ c6 6. Qd4 f6 7. e4 Nc7 8. Qxd8+ Kxd8 9. d4 Be6 10. Be3 Nd7 11. h3 h5 12. O-O-O 1/2-1/2